 Dungeon Crawl Stone Soup version 0.32-a0-131-g9dbbe29261 (webtiles) character file.

Game seed: 11390641997071927582

208 Ambrosia the Conjurer (level 5, -5/41 HPs)
             Began as a Demigod Conjurer on Feb 8, 2024.
             Slain by a water moccasin (8 damage)
             ... on level 5 of the Dungeon.
             The game lasted 00:03:13 (1790 turns).

Ambrosia the Conjurer (Demigod Conjurer)            Turns: 1790, Time: 00:03:14

Health: -5/41      AC:  2    Str:  8    XL:     5   Next: 29%
Magic:  18/21      EV: 12    Int: 24    God:
Gold:   77         SH:  0    Dex: 12    Spells: 2/9 levels left

rFire   . . .        g - +8 mace of Accord {distort, rPois rN+++ Will- MP+9}
rCold   . . .        (no shield)
rNeg    + + +        a - +0 robe
rPois   +            (no helmet)
rElec   .            (no cloak)
rCorr   .            (no gloves)
SInv    .            (no boots)
Will    .....        (no amulet)
Stlth   ++           (no ring)
HPRegen 0.26/turn    (no ring)
MPRegen 0.17/turn

%: no passive effects
@: hasted, very quick
A: high MP 1, forlorn, divine attributes
a: no special abilities


You were on level 5 of the Dungeon.
You visited 1 branch of the dungeon, and saw 4 of its levels.
You also visited: Sewer.

You collected 77 gold pieces.

Inventory:

Hand Weapons
 c - a +0 hand axe
   (You found it on level 1 of the Dungeon)
 g - the +8 mace of Accord (weapon) {distort, rPois rN+++ Will- MP+9}
   (You found it on level 3 of the Dungeon)

   rPois:     It protects you from poison rN+++: It renders you almost immune to
   negative energy.
   Will-:     It decreases your willpower.
   MP+9:      It affects your magic capacity (+9).
Armour
 a - a +0 robe (worn)
 f - a +0 buckler
   (You found it on level 1 of the Dungeon)
Potions
 b - a potion of magic
 d - a potion of mutation {unknown}
 e - 2 potions of might {unknown}
 i - a potion of berserk rage {unknown}


   Skills:
 * Level 2.3 Fighting
 + Level 1.4 Armour
 + Level 2.3 Dodging
 - Level 1.7 Stealth
 * Level 2.8 Spellcasting
 * Level 4.4 Conjurations


You had 2 spell levels left.
You knew the following spells:

 Your Spells              Type           Power      Damage    Failure   Level
a - Magic Dart            Conj           96%        1d7       1%          1
f - Fulminant Prism       Conj/Alch      7%         3d7       41%         4
z - Searing Ray           Conj           48%        2d6       2%          2

Your spell library contained the following spells:

 Spells                   Type           Power      Damage    Failure   Level
 Sting                    Conj/Alch      56%        1d6       4%          1
 Blink                    Tloc           6%         N/A       17%         2
 Call Imp                 Summ           6%         N/A       17%         2
 Iskenderun's Mystic Bla  Conj/Tloc      14%        2d5       41%         4
 Petrify                  Alch/Erth      3%         N/A       73%         4
 Sticky Flame             Fire/Alch      3%         2d4       73%         4
 Haunt                    Necr/Summ      1%         N/A       100%        7


Dungeon Overview and Level Annotations

Branches:
Dungeon (3/15) Zot: 22511   Sewer (visited)

Annotations:
D:2 Sigmund


Innate Abilities, Weirdness & Mutations

You have an increased reservoir of magic. (+10% MP)
You shall have no god before yourself.
Your divine heritage dramatically boosts your attributes as you level up.


Message History

Done exploring.
No target in view!
Done exploring.
You see here a bat corpse.
There is a gate leading back out of this place here.
Welcome back to the Dungeon!
There is a collapsed entrance here.
No target in view!
You enter the shallow water.
Moving in this stuff is going to be slow.
A kobold comes into view. It is wielding a +0 short sword.
The kobold shouts!
A kobold is nearby!
A kobold is nearby!
The magic dart hits the kobold.
You kill the kobold!
You now have 20/21 mp.
You can't see any susceptible monsters within range! (Use Z to cast anyway.) No target in view!
Things that are here:
a +0 short sword; 3 stones You see here 3 poisoned darts.
You see here 3 poisoned darts.
You see here 3 poisoned darts.
You see here 3 poisoned darts.
Things that are here:
a +0 short sword; 3 stones A malevolent force fills the Dungeon...
You fall into a shaft and drop 2 floors!
The shaft crumbles and collapses.
MP restored: 21 You can't go up here!
No target in view!
A white imp comes into view.
The white imp shouts!
The magic dart hits the white imp.
The white imp gestures at you. The puff of frost hits you!
You take 7 damage, and have 34/41 hp.
You now have 20/21 mp.
The magic dart hits the white imp.
The white imp gestures at you. The puff of frost hits you!
You take 8 damage, and have 26/41 hp.
You now have 19/21 mp.
You are too injured to fight recklessly!
The white imp gestures at you. The puff of frost hits you.
You take 6 damage, and have 20/41 hp.
Aiming: Magic Dart (safe; 1% risk of failure)
Press: ? - help, Q - select action, (/) - cycle Shift-Dir - straight line, f/p - white imp
Aim: a white imp (severely wounded, 100% to hit)
The magic dart hits the white imp but does no damage.
You now have 18/21 mp.
Aiming: Magic Dart (safe; 1% risk of failure)
Press: ? - help, Q - select action, (/) - cycle Shift-Dir - straight line, f/p - white imp
Aim: a white imp (severely wounded, 100% to hit)
The magic dart hits the white imp.
Aiming: Magic Dart (safe; 1% risk of failure)
Press: ? - help, Q - select action, (/) - cycle Shift-Dir - straight line, f/p - white imp
Aim: a white imp (almost dead, 100% to hit)
The magic dart hits the white imp but does no damage.
The white imp gestures at you. The puff of frost hits you!
You take 8 damage, and have 13/41 hp.
You now have 17/21 mp.
A white imp is nearby!
You hit the white imp.
You kill the white imp!
You start resting.
An iguana comes into view.
The iguana hisses angrily.
Found a stone staircase leading down.
You see here the Compendium of the Swarm and Chemistry.
You pick up the Compendium of the Swarm and Chemistry and begin reading...
It was the Compendium of the Swarm and Chemistry.
You add the spells Sting, Petrify, Sticky Flame and Haunt to your library.
A water moccasin comes into view.
The water moccasin hisses angrily.
The iguana bites you.
You take 6 damage, and have 13/41 hp.
The iguana attacks as it pursues you! The iguana closely misses you.
MP restored: 21 You aren't carrying any scrolls.
You feel yourself speed up. The iguana barely misses you.
The water moccasin misses you.
The water moccasin attacks as it pursues you!
The water moccasin bites you.
* * * LOW HITPOINT WARNING * * *
You take 6 damage, and have 11/41 hp.
Casting: Magic Dart (safe; 1% risk of failure)
Aiming: Searing Ray (safe; 2% risk of failure)
Press: ? - help, Shift-Dir - straight line, f - water moccasin
Aim: a water moccasin (66% to hit)
The searing ray hits the water moccasin. (Press . to maintain the ray.)
The water moccasin bites you!
* * * LOW HITPOINT WARNING * * *
You take 9 damage, and have 3/41 hp.
MASSIVE DAMAGE!!
You now have 19/21 mp.
The searing ray hits the water moccasin!
The searing ray hits the iguana but does no damage.
The water moccasin bites you!
You die...

###..................# ##
#...#..##.............>..#
#.##.....####................
#.....### ##...##..........
##.....# #...####........
#....l# #...## #........
##....## ##....###........
#.....####................
##...#.l..S@..#
#...#####....## #...# ##..##
##### ..... #.......
......... ....#.#...
..####.##..


You could see a water moccasin and an iguana.

Vanquished Creatures
  A crocodile (Sewer)
  A brain worm (Sewer)
  2 adders (D:3)
  A white imp (D:5)
  3 dart slugs (D:1)
  A ribbon worm (D:3)
  3 ball pythons (D:1 D:3)
  5 bats (Sewer)
  2 endoplasms (D:1)
  A giant cockroach (D:3)
  2 goblins (D:1 D:3)
  2 hobgoblins (D:1)
  2 quokkas (D:1)
  A frilled lizard (D:3)
  5 kobolds (D:1 D:3)
  2 rats (D:1)
34 creatures vanquished.

Notes
Turn   | Place    | Note
-------+----------+-------------------------------------------
     0 | D:1      | Ambrosia the Demigod Conjurer began the quest for the Orb.
     0 | D:1      | Reached XP level 1. HP: 14/14 MP: 5/5
   162 | D:1      | HP: 6/14 [dart slug/slug dart (5)]
   164 | D:1      | HP: 1/14 [dart slug/slug dart (6)]
   295 | D:1      | Reached XP level 2. HP: 21/22 MP: 0/7
   386 | D:1      | Reached skill level 2 in Spellcasting
   473 | D:1      | Learned a level 2 spell: Searing Ray
   671 | D:1      | Reached skill level 1 in Fighting
  1062 | D:2      | Noticed Sigmund
  1077 | D:3      | HP: 10/23 [adder (3)]
  1083 | D:3      | Reached skill level 2 in Dodging
  1083 | D:3      | Reached XP level 3. HP: 11/28 MP: 1/8
  1263 | D:3      | Found a glowing drain.
  1265 | D:3      | Identified the +8 mace of Accord {distort, rPois rN+++
                  | Will- MP+9}
  1279 | D:3      | Reached skill level 4 in Conjurations
  1282 | Sewer    | Entered a sewer
  1383 | Sewer    | Noticed a brain worm
  1390 | Sewer    | Killed a brain worm
  1391 | Sewer    | Reached skill level 1 in Armour
  1391 | Sewer    | Reached XP level 4. HP: 27/36 MP: 8/10
  1482 | Sewer    | Noticed a crocodile
  1489 | Sewer    | Killed a crocodile
  1490 | Sewer    | Reached skill level 2 in Fighting
  1490 | Sewer    | Reached XP level 5. HP: 41/41 MP: 12/12
  1544 | Sewer    | Learned a level 4 spell: Fulminant Prism
  1716 | D:3      | You fall into a shaft and drop 2 floors!
  1716 | D:5      | Entered Level 5 of the Dungeon
  1736 | D:5      | HP: 20/41 [white imp/puff of frost (6)]
  1755 | D:5      | Got the Compendium of the Swarm and Chemistry
  1756 | D:5      | Noticed a water moccasin
  1760 | D:5      | HP: 13/41 [iguana (6)]
  1786 | D:5      | HP: 11/41 [water moccasin (6)]
  1789 | D:5      | HP: 3/41 [water moccasin (9)]
  1790 | D:5      | Slain by a water moccasin

Illustrated notes

Levels and vault maps discovered:
D:1:      elethiomel_arrival_shortcut, layout_basic
D:2:      layout_basic, nicolae_figureground_sparkle, uniq_natasha, uniq_sigmund
D:3:      layout_loops_ring, chequers_temple_overflow_statue_of_worship,
          cheibrodos_sewer_entry_bend
D:5:      layout_layer_cave, nicolae_ru_path_of_blood, gammafunk_ghost_mausoleum

Skill      XL: |  1  2  3  4 |
---------------+-------------+-----
Spellcasting   | 2 |  2.8
Fighting       | 1 2 |  2.3
Dodging        | 2 |  2.3
Conjurations   | 4 |  4.4
Armour         | 1 |  1.4
Stealth        | |  1.7

Action                     |  1- 3 |  4- 6 || total
---------------------------+-------+-------++-------
  Melee: Hand axe          |     7 |       ||     7
         Mace              |     2 |     1 ||     3
   Cast: Magic Dart        |    55 |    11 ||    66
         Searing Ray       |     2 |     2 ||     4
    Use: Scroll            |     5 |       ||     5
         Potion            |       |     1 ||     1
   Stab: Sleeping          |     2 |       ||     2
 Armour: Robe              |    19 |     9 ||    28
  Dodge: Dodged            |    22 |     5 ||    27

Table legend: (Time is in decaauts)
 A = Elapsed time spent in this place.
 B = Non-inter-level travel time spent in this place.
 C = Inter-level travel time spent in this place.
 D = Time resting spent in this place.
 E = Time spent auto-exploring this place.
 F = Levels seen in this place.
 G = Mean time per level.
                   A        B        C        D        E       F      G
               +--------+--------+--------+--------+--------+-----+--------+
         Total |   1788 |   1752 |     36 |    240 |   1120 |   5 |  357.6 |
       Dungeon |   1487 |   1451 |     36 |    125 |    975 |   4 |  371.8 |
         Sewer |    300 |    300 |      0 |    115 |    145 |   1 |  300.0 |
               +--------+--------+--------+--------+--------+-----+--------+

Top non-repeatable levels by time:
     D:1: 1051 daAuts
     D:3: 354 daAuts
   Sewer: 300 daAuts
     D:5: 65 daAuts
     D:2: 16 daAuts

Levels and vault maps discovered:
D:1:      elethiomel_arrival_shortcut, layout_basic
D:2:      layout_basic, nicolae_figureground_sparkle, uniq_natasha, uniq_sigmund
D:3:      layout_loops_ring, chequers_temple_overflow_statue_of_worship,
          cheibrodos_sewer_entry_bend
D:5:      layout_layer_cave, nicolae_ru_path_of_blood, gammafunk_ghost_mausoleum

Table legend: (Time is in decaauts)
 A = Elapsed time spent in this place.
 B = Non-inter-level travel time spent in this place.
 C = Inter-level travel time spent in this place.
 D = Time resting spent in this place.
 E = Time spent auto-exploring this place.
 F = Levels seen in this place.
 G = Mean time per level.
                   A        B        C        D        E       F      G
               +--------+--------+--------+--------+--------+-----+--------+
         Total |   1788 |   1752 |     36 |    240 |   1120 |   5 |  357.6 |
       Dungeon |   1487 |   1451 |     36 |    125 |    975 |   4 |  371.8 |
         Sewer |    300 |    300 |      0 |    115 |    145 |   1 |  300.0 |
               +--------+--------+--------+--------+--------+-----+--------+

Top non-repeatable levels by time:
     D:1: 1051 daAuts
     D:3: 354 daAuts
   Sewer: 300 daAuts
     D:5: 65 daAuts
     D:2: 16 daAuts

Table legend:
 A = Kills in this place as a percentage of kills in the entire game.
 B = Kills by you in this place as a percentage of kills by you in the entire game.
 C = Kills by friends in this place as a percentage of kills by friends in the entire game.
 D = Other kills in this place as a percentage of other kills in the entire game.
 E = Experience gained in this place as a percentage of experience gained in the entire game.
 F = Experience gained in this place divided by the number of levels of this place that you have seen.
                   A       B       C       D       E      F
               +-------+-------+-------+-------+-------+----------------------
         Total | 100.0 | 100.0 |   N/A |   N/A | 100.0 |  59.6
       Dungeon |  79.4 |  79.4 |   N/A |   N/A |  28.9 |  21.5
         Sewer |  20.6 |  20.6 |   N/A |   N/A |  71.1 | 212.0
               +-------+-------+-------+-------+-------+----------------------
